 Dungeon Crawl Stone Soup version 0.19-a0-1008-g4c63d25 (webtiles) character file.

644 nubinia the Conjurer (level 7, -17/37 HPs)
             Began as a Deep Elf Conjurer on July 22, 2016.
             Was an Initiate of Sif Muna.
             Demolished by Pikel
             ... wielding a +1 whip of electrocution
              (18 damage)
             ... on level 4 of the Dungeon.
             The game lasted 00:25:29 (4834 turns).

nubinia the Conjurer (Deep Elf Conjurer)            Turns: 4834, Time: 00:25:31

Health: -17/37     AC:  3    Str:  5    XL:     7   Next: 27%
Magic:  2/17       EV: 13    Int: 22    God:    Sif Muna [......]
Gold:   112        SH:  0    Dex: 15    Spells: 4 memorised, 4 levels left

rFire  . . .     SeeInvis .     b - +1 dagger
rCold  . . .     Gourm    .     q - +0 robe
rNeg   . . .     Faith    .     (no shield)
rPois  .         Spirit   .     p - +0 helmet
rElec  .         Dismiss  .     (no cloak)
rCorr  .         Reflect  .     (no gloves)
SustAt .         Harm     .     (no boots)
MR     .....                    r - amulet of regeneration
Stlth  ++++......               (no ring)
                                m - ring of stealth

@: very slightly contaminated, not resistant to hostile enchantments, stealthy
A: no striking features
a: Renounce Religion


You were on level 4 of the Dungeon.
You worshipped Sif Muna.
Sif Muna was noncommittal.
You were very hungry.

You visited 2 branches of the dungeon, and saw 5 of its levels.

You collected 112 gold pieces.

Inventory:

Hand Weapons
 a - a +0 mace of protection
 b - a +1 dagger (weapon)
 g - a +0 blowgun
Missiles
 v - 18 poisoned needles
Armour
 p - a +0 helmet (worn)
 q - a +0 robe (worn)
Jewellery
 m - a ring of stealth (left hand)
 r - an amulet of regeneration (around neck)
Scrolls
 d - a scroll of teleportation
 h - a scroll of amnesia
 o - a scroll of blinking
 u - a scroll of enchant armour {unknown}
 x - a scroll of recharging {unknown}
Potions
 e - 2 potions of curing
 f - a potion of lignification
 i - 2 potions of heal wounds {unknown}
 j - 2 potions of flight {unknown}
 A - a potion of agility
Books
 k - a book of Conjurations

   Spells                             Type                      Level
   a - Magic Dart                     Conjuration                  1
   b - Searing Ray                    Conjuration                  2
   c - Dazzling Spray                 Conjuration/Hexes            3
   d - Fulminant Prism                Conjuration/Hexes            4
   e - Iskenderun's Mystic Blast      Conjuration                  4
   f - Iskenderun's Battlesphere      Conjuration/Charms           5
Comestibles
 c - 2 bread rations
 l - 3 meat rations
 z - 2 slices of pizza


   Skills:
 + Level 0.4 Fighting
 + Level 2.9 Dodging
 + Level 3.7 Stealth
 + Level 5.7 Spellcasting
 + Level 6.6 Conjurations
 + Level 1.1 Hexes
 * Level 5.9 Charms


You had 4 spell levels left.
You knew the following spells:

 Your Spells              Type           Power        Failure   Level  Hunger
a - Magic Dart            Conj           ####         1%          1    None
b - Dazzling Spray        Conj/Hex       ###...       8%          3    ##.....
c - Iskenderun's Mystic   Conj           #####...     8%          4    ####...
i - Iskenderun's Battles  Conj/Chrm      ####....     21%         5    #####..


Dungeon Overview and Level Annotations

Branches:
Dungeon (4/15)             Temple (1/1) D:4

Altars:
Ashenzari
Cheibriados
Dithmenos
Elyvilon
Fedhas
Gozag
Hepliaklqana
Makhleb
Nemelex Xobeh
Okawaru
Pakellas
Ru
Sif Muna
Trog
Uskayaw
Vehumet
Xom
Yredelemnul
Zin
The Shining One

Annotations:
D:4 Pikel


Message History

You catch the helpless Pikel completely off-guard!
You hit Pikel.
Pikel is severely wounded.
You hit Pikel.
Pikel is severely wounded.
The slave hits you but does no damage. The slave hits you!
You closely miss Pikel.
Pikel is severely wounded.
The slave barely misses you. The slave misses you.
Pikel hits you with a whip of electrocution.
You are electrocuted!
* * * LOW HITPOINT WARNING * * *
You catch the helpless Pikel completely off-guard!
You hit Pikel.
Pikel is almost dead.
The slave barely misses you. The slave hits you but does no damage.
Pikel hits you with a whip of electrocution.
* * * LOW HITPOINT WARNING * * *
You are electrocuted!
You die...

##
.#######################
.#........'............#
.#....p...#............#
.#'######'###....##....#
#.......#.###....#######
#.......#..............#
#.......#......K@......#
#.....p.#......ppp.....#
#.......########p########
####'##p...p............#
p.....'.[...............#
......#......)..........#
......#.....).).........#
......#.......).........#
.######.................#


You could see Pikel (blind) and 4 slaves.

Vanquished Creatures
  A phantom (D:4)
  2 scorpions (D:4)
  A howler monkey (D:4)
  2 hounds (D:4)
  An orc priest (D:4)
  Jessica (D:2)
  Natasha (thrice) (D:3)
  Terence (D:2)
  7 adders
  4 gnolls
  An ooze (D:2)
  A worm (D:2)
  2 dart slugs (D:2)
  A giant gecko (D:1)
  11 orcs
  6 bats
  6 giant cockroaches
  9 goblins
  9 hobgoblins
  8 jackals
  3 quokkas
  3 giant newts (D:4)
  7 kobolds
  5 rats
95 creatures vanquished.

Notes
Turn   | Place    | Note
-------+----------+-------------------------------------------
     0 | D:1      | nubinia the Deep Elf Conjurer began the quest for the Orb.
     0 | D:1      | Reached XP level 1. HP: 10/10 MP: 6/6
   228 | D:1      | Reached XP level 2. HP: 15/15 MP: 4/8
   590 | D:1      | Reached skill level 5 in Conjurations
   693 | D:1      | Reached XP level 3. HP: 19/19 MP: 3/10
   698 | D:1      | Learned a level 3 spell: Dazzling Spray
  1008 | D:2      | Found a faded altar of an unknown god.
  1014 | D:2      | Became a worshipper of Elyvilon the Healer
  1014 | D:2      | Reached * piety under Elyvilon
  1252 | D:2      | Noticed Terence
  1258 | D:2      | Reached XP level 4. HP: 24/24 MP: 10/12
  1414 | D:2      | Noticed Jessica
  1417 | D:2      | Killed Jessica
  1574 | D:2      | Killed Terence
  1726 | D:2      | Reached skill level 6 in Conjurations
  1726 | D:2      | Reached XP level 5. HP: 24/28 MP: 6/13
  2428 | D:3      | Learned a level 4 spell: Iskenderun's Mystic Blast
  2434 | D:3      | Learned a level 5 spell: Iskenderun's Battlesphere
  2582 | D:3      | Reached skill level 1 in Charms
  2663 | D:3      | Noticed Natasha
  2672 | D:3      | Killed Natasha
  2795 | D:3      | Noticed Natasha
  2799 | D:3      | Killed Natasha
  2903 | D:3      | Reached ** piety under Elyvilon
  3117 | D:4      | Reached XP level 6. HP: 28/32 MP: 0/15
  3288 | D:3      | Noticed Natasha
  3294 | D:3      | Killed Natasha
  3294 | D:3      | Reached skill level 5 in Charms
  3500 | D:4      | Reached skill level 5 in Spellcasting
  3714 | D:4      | Found a staircase to the Ecumenical Temple.
  3728 | Temple   | Entered the Ecumenical Temple
  3786 | Temple   | Fell from the grace of Elyvilon
  3786 | Temple   | Became a worshipper of Sif Muna the Loreminder
  3819 | D:4      | Reached skill level 1 in Hexes
  3819 | D:4      | Reached XP level 7. HP: 28/36 MP: 7/17
  4710 | D:4      | Noticed Pikel
  4834 | D:4      | HP: 1/37 [Pikel/whip of electrocution (1)]
  4834 | D:4      | Demolished by Pikel

Vault maps used:
D:1:      scummos_arrival_simple_crosswalls
D:2:      ecumenical_altar_1, uniq_terence, uniq_jessica
D:3:      uniq_natasha
D:4:      first_bread, uniq_pikel
Temple:   compressed_dpeg_circular_temple

Skill      XL: |  1  2  3  4  5  6 |
---------------+-------------------+-----
Conjurations   | 5 6 |  6.6
Spellcasting   | 4 5 |  5.7
Stealth        | 3 |  3.7
Charms         | 4 5 |  5.9
Hexes          | 1 |  1.1
Fighting       | |  0.4
Dodging        | |  2.9

Action                   |  1- 3 |  4- 6 |  7- 9 || total
-------------------------+-------+-------+-------++-------
Melee: Dagger            |     6 |    21 |     5 ||    32
 Cast: Magic Dart        |    84 |   124 |    30 ||   238
       Dazzling Spray    |     1 |    15 |     3 ||    19
       Iskenderun's Myst |       |       |     2 ||     2
       Iskenderun's Batt |       |       |     2 ||     2
  Use: Scroll            |     1 |     5 |     3 ||     9
       Potion            |       |       |     1 ||     1
 Stab: Invisible         |     1 |     3 |     2 ||     6
       Sleeping          |       |     1 |       ||     1
  Eat: Chunk             |     1 |     9 |     3 ||    13
Armor: Robe              |     2 |     8 |     8 ||    18
Dodge: Dodged            |     8 |    30 |    22 ||    60
